 Dungeon Crawl Stone Soup version 0.31-a0-810-ga77100ea1a (webtiles) character file.

Game seed: 7489560887716376378

67 wildpjah the Conjurer (level 4, 0/26 HPs)
             Began as a Tengu Reaver on Sept 21, 2023.
             Slain by Crazy Yiuf
             ... wielding a +4 quarterstaff of chaos
              (9 damage)
             ... on level 3 of the Dungeon.
             The game lasted 00:06:10 (2767 turns).

wildpjah the Conjurer (Tengu Reaver)                Turns: 2767, Time: 00:06:11

Health: 0/26       AC:  4    Str: 12    XL:     4   Next: 16%
Magic:  8/8        EV: 12    Int: 13    God:
Gold:   116        SH:  0    Dex: 15    Spells: 3/7 levels left

rFire   . . .        a - +0 falchion
rCold   . . .        r - orb {light}
rNeg    . . .        b - +0 leather armour
rPois   +            (helmet restricted)
rElec   .            e - +0 cloak
rCorr   .            (no gloves)
SInv    .            (boots unavailable)
Will    +....        (no amulet)
Stlth   +            c - ring of poison resistance
HPRegen 0.24/turn    k - ring of willpower
MPRegen 0.11/turn

%: acrobat
@: glowing
A: beak, talons 3, acrobatic
a: no special abilities


You were on level 3 of the Dungeon.
You visited 1 branch of the dungeon, and saw 3 of its levels.

You collected 116 gold pieces.

Inventory:

Hand Weapons
 a - a +0 falchion (weapon)
Armour
 b - a +0 leather armour (worn)
 e - a +0 cloak (worn)
 j - a +0 scale mail
 o - an orb of mayhem
 r - an orb of light (worn)
Jewellery
 c - a ring of poison resistance (left hand)
 k - a ring of willpower (right hand)
Wands
 p - a wand of digging (5)
Scrolls
 f - 2 scrolls of enchant weapon {unknown}
 g - 4 scrolls of immolation {unknown}
 m - a scroll of summoning {unknown}
 n - 6 scrolls of identify {unknown}
Potions
 d - 3 potions of lignification {unknown}
 h - a potion of brilliance {unknown}
 i - a potion of mutation {unknown}
 l - a potion of enlightenment {unknown}
 q - a potion of degeneration {unknown}


   Skills:
 + Level 2.2 Fighting
 + Level 4.2 Long Blades
 + Level 1.3 Armour
 + Level 2.2 Dodging
 + Level 0.1 Stealth
 * Level 2.1 Spellcasting
 + Level 4.8 Conjurations


You had 3 spell levels left.
You knew the following spells:

 Your Spells              Type           Power      Damage    Failure   Level
a - Kiss of Death         Conj/Necr      28%        2d7       12%         1
b - Hailstorm             Conj/Ice       7%         3d4       34%         3

Your spell library contained the following spells:

 Spells                   Type           Power      Damage    Failure   Level
 Momentum Strike          Conj/Tloc      14%        3d8       19%         2
 Blink                    Tloc           2%         N/A       43%         2
 Ozocubu's Armour         Ice            1%         N/A       67%         3
 Manifold Assault         Tloc           1%         N/A       97%         4
 Vhi's Electric Charge    Tloc/Air       2%         N/A       97%         4
 Arcjolt                  Conj/Air       3%         1d13      97%         5
 Ozocubu's Refrigeration  Ice            0%         4d7       100%        7
 Maxwell's Capacitive Co  Air            0%         ∞         100%        8


Dungeon Overview and Level Annotations

Branches:
Dungeon (3/15)

Altars:
Gozag

Annotations:
D:3 Crazy Yiuf


Innate Abilities, Weirdness & Mutations

You have a beak for a mouth.
You have claws for feet.
You can magically evade attacks while moving or waiting.


Message History

The ball python grabs you. The ball python constricts you.
You hit the ball python. You claw the ball python.
You kill the ball python!
No target in view!
No target in view!
No target in view!
No target in view!
No target in view!
No target in view!
No target in view!
No target in view!
No target in view!
No target in view!
No target in view!
No target in view!
You see here 2 poisoned darts.
As you open the door, it creaks loudly!
Things that are here:
a +0 club; a goblin corpse
There is an open door here.
You see here 2 poisoned darts.
There is an opulent altar of Gozag here.
You open the door.
There is an open door here.
There is an open door here.
There is an open door here.
Crazy Yiuf shouts!
As you open the door, it creaks loudly!
You barely miss Crazy Yiuf.
Crazy Yiuf hits you with a +4 quarterstaff of chaos!
Ouch! That really hurt!
Crazy Yiuf burns you.
You slash Crazy Yiuf!
Crazy Yiuf is moderately wounded.
Crazy Yiuf barely misses you.
You hit Crazy Yiuf.
Crazy Yiuf is heavily wounded.
Crazy Yiuf closely misses you.
Crazy Yiuf hits you with a +4 quarterstaff of chaos!
You die...

..........#
#....#
#.#.....#.#
..........##
#....#
##.#.....#..
..........'#
♣....♣
#..'.....+..
#####.....##
♣♣...♣
####.....###
#######
♣♣.♣♣
#.....# ♣♣.♣
#.....# ♣.♣♣
##'#### ♣♣.♣
#####.######
♣@♣♣
#......)....
#g#
###########.
... #. #...#
#. #)..# #.
##### #. #.
##


You could see Crazy Yiuf.

Vanquished Creatures
  A worm (D:2)
  2 dart slugs
  9 endoplasms
  2 giant cockroaches
  8 goblins
  5 hobgoblins
  4 jackals (D:2)
  A quokka (D:3)
  4 ball pythons
  4 bats
  4 frilled lizards
  4 kobolds (D:1)
  3 rats
51 creatures vanquished.

Notes
Turn   | Place    | Note
-------+----------+-------------------------------------------
     0 | D:1      | wildpjah the Tengu Reaver began the quest for the Orb.
     0 | D:1      | Reached XP level 1. HP: 12/12 MP: 4/4
   390 | D:1      | Reached XP level 2. HP: 11/17 MP: 6/6
   770 | D:1      | Reached XP level 3. HP: 21/21 MP: 7/7
  1176 | D:2      | Learned a level 3 spell: Hailstorm
  1433 | D:2      | Reached skill level 1 in Armour
  2248 | D:3      | Found an opulent altar of Gozag.
  2263 | D:3      | Reached XP level 4. HP: 26/26 MP: 8/8
  2301 | D:3      | Found a runed translucent door.
  2302 | D:3      | Noticed Crazy Yiuf
  2767 | D:3      | Slain by Crazy Yiuf

Illustrated notes

Levels and vault maps discovered:
D:1:      giann_horns, layout_basic, serial_co_window_serial,
          co_window_corner_a, co_window_corner_a, co_window_of_opportunity_a,
          co_window_of_opportunity_a, co_window_of_opportunity_a,
          co_window_paths_a, co_window_paths_a, co_window_paths_a,
          co_window_of_opportunity_a, co_window_unsneaky_path_e,
          co_window_broadway_b, co_window_2corner, co_window_of_opportunity_b,
          glass_columns_b, glass_columns_a, glass_columns_a, minivault_27
D:2:      wad_lake_hut, layout_rooms, minivault_26
D:3:      layout_basic, mainiacjoe_overflow_cross_hatched,
          uniq_crazy_yiuf_cottage

Skill      XL: |  1  2  3 |
---------------+----------+-----
Long Blades    | 4 |  4.2
Armour         | 1 |  1.3
Fighting       | |  2.2
Dodging        | |  2.2
Stealth        | |  0.1
Spellcasting   | |  2.1
Conjurations   | |  4.8

Action                     |  1- 3 |  4- 6 || total
---------------------------+-------+-------++-------
  Melee: Falchion          |    97 |    17 ||   114
         Kick              |    29 |     3 ||    32
         Peck              |     6 |     1 ||     7
         Punch             |     1 |       ||     1
   Stab: Sleeping          |       |     1 ||     1
 Armour: Leather armour    |    48 |     6 ||    54
  Dodge: Dodged            |    69 |    11 ||    80

Table legend: (Time is in decaauts)
 A = Elapsed time spent in this place.
 B = Non-inter-level travel time spent in this place.
 C = Inter-level travel time spent in this place.
 D = Time resting spent in this place.
 E = Time spent auto-exploring this place.
 F = Levels seen in this place.
 G = Mean time per level.
                   A        B        C        D        E       F      G
               +--------+--------+--------+--------+--------+-----+--------+
         Total |   2822 |   2716 |    106 |      0 |   2338 |   3 |  940.7 |
       Dungeon |   2822 |   2716 |    106 |      0 |   2338 |   3 |  940.7 |
               +--------+--------+--------+--------+--------+-----+--------+

Top non-repeatable levels by time:
     D:1: 1135 daAuts
     D:2: 930 daAuts
     D:3: 756 daAuts
